 Dungeon Crawl Stone Soup version 0.22-a0-192-g6ffc940 (webtiles) character file.

11478 Amnesiac the Geomancer (level 11, -3/68 HPs)
             Began as a Mummy Earth Elementalist on Feb 16, 2018.
             Was a Follower of Ashenzari.
             Killed from afar by a manticore (21 damage)
             ... with a volley of spikes
             ... on level 11 of the Dungeon.
             The game lasted 00:22:52 (11363 turns).

Amnesiac the Geomancer (Mummy Earth Elementalist)  Turns: 11363, Time: 00:22:53

Health: -3/68      AC:  9    Str: 11    XL:     11   Next: 49%
Magic:  7/35       EV: 10    Int: 23    God:    Ashenzari [*.....]
Gold:   596        SH:  0    Dex: 13    Spells: 6/32 levels left

rFire    . . .     SeeInvis .   F - +4 dagger (venom) (curse)
rCold    + . .     Gourm    .   (no shield)
rNeg     + + +     Faith    .   A - +2 ring mail {rF+} (curse)
rPois    ∞         Spirit   .   (no helmet)
rElec    .         Reflect  .   w - +0 cloak (curse)
rCorr    .         Harm     .   i - +0 pair of gloves (curse)
MR       +....                  (no boots)
Stlth    +.........             (no amulet)
HPRegen  0.21/turn              p - +5 ring of intelligence (curse)
MPRegen  0.24/turn              G - ring of magical power (curse)

@: barbed spikes, very slightly contaminated
A: no food or potions, fire vulnerability, cold resistance 1, negative energy
resistance 3, torment resistance, unbreathing
a: Curse Item, Scrying, Renounce Religion


You were on level 11 of the Dungeon.
You worshipped Ashenzari.
Ashenzari was aware of your devotion.
You were not hungry.

You visited 2 branches of the dungeon, and saw 12 of its levels.
You also visited: Ossuary.

You collected 596 gold pieces.

Inventory:

Hand Weapons
 F - a cursed +4 dagger of venom (weapon)
Missiles
 g - 104 stones (quivered)
 j - 47 poisoned needles
 x - 4 needles of confusion
 B - 7 needles of sleeping
 E - 304 arrows
Armour
 i - a cursed +0 pair of gloves (worn)
 w - a cursed +0 cloak (worn)
 A - a cursed +2 ring mail of fire resistance (worn)
Jewellery
 p - a cursed +5 ring of intelligence (left hand)
 G - a cursed ring of magical power (right hand)
Scrolls
 e - 12 scrolls of identify {!r}
 f - 8 scrolls of remove curse {!r}
 h - 2 scrolls of amnesia {!r}
 l - 4 scrolls of fear {!r}
 m - 2 scrolls of magic mapping {!r}
 n - 2 scrolls of enchant armour {!r}
 o - 2 scrolls of enchant weapon {!r}
 r - 2 scrolls of fog {!r}
 s - a scroll of summoning {!r}
 y - 3 scrolls of teleportation {!r}
 z - 3 scrolls of blinking {!r}
Books
 c - a book of Enchantments

   Spells                             Type                      Level
   a - Cause Fear                     Hexes                        4
   b - Yara's Violent Unravelling     Hexes/Transmutation          5
   c - Silence                        Hexes/Air                    5
   d - Deflect Missiles               Charms/Air                   6
   e - Discord                        Hexes                        8
 d - a book of Geomancy

   Spells                             Type                      Level
   a - Sandblast                      Earth                        1
   b - Passwall                       Transmutation/Earth          2
   c - Stone Arrow                    Conjuration/Earth            3
   d - Petrify                        Transmutation/Earth          4
   e - Lee's Rapid Deconstruction     Earth                        5
 C - a book of Maledictions

   Spells                             Type                      Level
   a - Corona                         Hexes                        1
   b - Ensorcelled Hibernation        Hexes/Ice                    2
   c - Confuse                        Hexes                        3
   d - Tukima's Dance                 Hexes                        3
   e - Dazzling Spray                 Conjuration/Hexes            3
 H - the Papyrus of Plaster Cramp
   (You found it on level 10 of the Dungeon)

   Spells                             Type                      Level
   a - Passwall                       Transmutation/Earth          2
   b - Iron Shot                      Conjuration/Earth            6


   Skills:
 - Level 2.0 Short Blades
 - Level 1.5 Dodging
 - Level 2.0 Stealth
 - Level 11.0 Spellcasting
 + Level 4.0 Hexes
 + Level 3.6 Charms
 + Level 3.6 Transmutations
 + Level 3.6 Air Magic
 - Level 11.0 Earth Magic


You had 6 spell levels left.
You knew the following spells:

 Your Spells              Type           Power        Failure   Level  Hunger
a - Sandblast             Erth           ######       1%          1    N/A
b - Passwall              Tmut/Erth      #####.....   1%          2    N/A
c - Stone Arrow           Conj/Erth      #####.       3%          3    N/A
d - Lee's Rapid Deconstr  Erth           ######....   3%          5    N/A
e - Petrify               Tmut/Erth      #####...     6%          4    N/A
f - Deflect Missiles      Chrm/Air       ####......   99%         6    N/A
g - Yara's Violent Unrav  Hex/Tmut       ####......   56%         5    N/A

Dungeon Overview and Level Annotations

Branches:
Dungeon (11/15)            Temple (1/1) D:7            Lair (0/6) D:9
    Orc: D:9-12

Altars:
Ashenzari
Cheibriados
Dithmenos
Elyvilon
Fedhas
Gozag
Hepliaklqana
Kikubaaqudgha
Makhleb
Nemelex Xobeh
Okawaru
Qazlal
Ru
Sif Muna
Trog
Uskayaw
Vehumet
Wu Jian
Xom
Yredelemnul
Zin
The Shining One

Portals:
Trove: D:11 (give 2 scrolls of acquirement)

Annotations:
D:10 Harold


Innate Abilities, Weirdness & Mutations

You do not eat or drink.
Your flesh is vulnerable to fire.
You are immune to poison.
Your flesh is cold resistant. (rC+)
You are immune to negative energy. (rN+++)
You are immune to unholy pain and torment.
You can survive without breathing.


Message History

The red ugly thing is severely wounded.
The blast of crystal shards hits the yak.
The yak is almost dead.
The blast of crystal shards hits the yak.
You kill the yak!
The blast of crystal shards hits the yak.
The yak is severely wounded.
The yak gores you.
The manticore flicks its tail.
The volley of spikes misses you.
Unknown command.
Casting: Lee's Rapid Deconstruction (safe; 3% risk of failure)
Confirm with . or Enter, or press ? or * to list all spells.
Aiming: Lee's Rapid Deconstruction (safe; 3% risk of failure)
Press: ? - help, Dir - move target cursor The crystal wall shatters!
The blast of crystal shards hits the red ugly thing.
The red ugly thing is almost dead.
The blast of crystal shards hits the yak.
The yak is heavily wounded.
The blast of crystal shards hits the yak.
You kill the yak!
The blast of crystal shards hits the yak.
You kill the yak!
The blast of crystal shards hits the yak.
You kill the yak!
The red ugly thing barely misses you.
Unknown command.
Casting: Lee's Rapid Deconstruction (safe; 3% risk of failure)
Confirm with . or Enter, or press ? or * to list all spells.
Aiming: Lee's Rapid Deconstruction (safe; 3% risk of failure)
Press: ? - help, Dir - move target cursor You miscast Lee's Rapid Deconstruction.
You are very lightly contaminated with residual magic.
You are showered with tiny particles of grit.
The yak gores you. The red ugly thing stings you!
You are engulfed in flames!
* * * LOW HITPOINT WARNING * * *
Unknown command.
Casting: Lee's Rapid Deconstruction (safe; 3% risk of failure)
Confirm with . or Enter, or press ? or * to list all spells.
Aiming: Lee's Rapid Deconstruction (safe; 3% risk of failure)
Press: ? - help, Dir - move target cursor The crystal wall shatters!
The blast of crystal shards hits the red ugly thing.
You kill the red ugly thing!
The blast of crystal shards hits the yak.
You kill the yak!
Your Hexes skill increases to level 4!
The manticore flicks its tail.
The volley of spikes hits you!
The barbed spikes become lodged in your body.
* * * LOW HITPOINT WARNING * * *
A jelly comes into view.
Unknown command.
Casting: Lee's Rapid Deconstruction (safe; 3% risk of failure)
Confirm with . or Enter, or press ? or * to list all spells.
Aiming: Petrify (safe; 6% risk of failure)
Press: ? - help, Shift-Dir - straight line, f - manticore
Aim: a manticore (chance to defeat MR: 53%)
The manticore is moving more slowly.
The manticore flicks its tail.
The volley of spikes hits you!
The barbed spikes become lodged in your body.
You die...

.................................
.................................
.................................
...................#.............
<............)....# #............
...[.............## ##.........>.
.............H....###.....!......
.....)..........(†.#†............
................@(..††.J!........
.................†.......∩.......
..................(.....(........
.................................
.................................
......†........)[..........#.....
......<...................###....
.........................## #...
.......................... ...


You could see a manticore (petrifying) and a jelly.

Vanquished Creatures
  2 two-headed ogres
  A wizard (D:10)
  An ugly thing (D:11)
  A kobold demonologist (D:11)
  A troll (D:10)
  A hippogriff (D:8)
  A wyvern (D:8)
  18 yaks
  2 basilisks (D:9)
  A hungry ghost (D:8)
  Menkaure (D:4)
  4 orc warriors
  4 porcupines (D:9)
  2 ice beasts
  2 phantoms
  3 sky beasts
  A black bear (D:9)
  3 wolves (D:9)
  7 ogres
  6 centaurs
  A crocodile (D:9)
  3 bullfrogs
  2 big kobolds (D:6)
  A gnoll sergeant (D:9)
  3 water moccasin zombies (Ossuary)
  8 wights
  A howler monkey (D:5)
  A crimson imp (D:11)
  2 quasits (D:9)
  2 bullfrog zombies
  A centaur zombie (D:8)
  2 centaur skeletons
  3 jellies
  Crazy Yiuf (D:2)
  2 orc priests
  5 hounds
  4 orc wizards
  Jessica (D:2)
  2 iguanas
  Natasha (twice) (D:3)
  5 worker ants
  Terence (D:3)
  2 big kobold zombies (Ossuary)
  3 hound skeletons
  2 mummies (Ossuary)
  2 worker ant zombies
  A howler monkey skeleton (D:6)
  12 gnolls
  8 adders
  A shadow imp (D:6)
  An ooze (D:2)
  11 adder zombies
  A worm (D:2)
  A dart slug (D:1)
  6 leopard geckos
  21 orcs
  2 ball pythons (D:1)
  3 bats
  4 giant cockroaches
  8 goblins
  10 hobgoblins
  12 jackals
  3 quokkas
  6 frilled lizards
  6 hobgoblin zombies (Ossuary)
  18 kobolds
  4 kobold zombies (Ossuary)
  6 orc zombies (Ossuary)
  7 rats
  A fungus (D:1)
277 creatures vanquished.

Vanquished Creatures (others)
  3 fungi (D:9)
  A plant (D:9)
4 creatures vanquished.

Grand Total: 281 creatures vanquished

Notes
Turn   | Place    | Note
-------+----------+-------------------------------------------
     0 | D:1      | Amnesiac the Mummy Earth Elementalist began the quest for the Orb.
     0 | D:1      | Reached XP level 1. HP: 13/13 MP: 4/4
   339 | D:1      | Reached XP level 2. HP: 16/19 MP: 0/5
   452 | D:1      | Learned a level 2 spell: Passwall
   511 | D:2      | Noticed Jessica
   516 | D:2      | Killed Jessica
   516 | D:2      | Reached XP level 3. HP: 24/24 MP: 0/7
   761 | D:4      | Reached XP level 4. HP: 21/30 MP: 3/9
   813 | D:5      | Entered Level 5 of the Dungeon
   850 | D:5      | Reached XP level 5. HP: 13/35 MP: 0/11
   922 | D:5      | Noticed a sky beast
  1067 | D:5      | Killed a sky beast
  1352 | D:4      | Noticed Menkaure
  1356 | D:4      | Killed Menkaure
  1356 | D:4      | Reached skill level 5 in Spellcasting
  1356 | D:4      | Reached skill level 1 in Transmutations
  1356 | D:4      | Reached XP level 6. HP: 41/41 MP: 8/13
  1385 | D:4      | Reached skill level 1 in Short Blades
  1385 | D:4      | Reached skill level 5 in Earth Magic
  1917 | D:5      | Reached XP level 7. HP: 46/46 MP: 11/15
  2480 | D:6      | Reached XP level 8. HP: 8/52 MP: 11/17
  2542 | D:6      | Learned a level 5 spell: Lee's Rapid Deconstruction
  2547 | D:6      | Learned a level 4 spell: Petrify
  2551 | D:6      | Learned a level 3 spell: Stone Arrow
  2695 | D:3      | Noticed Terence
  2863 | D:3      | Killed Terence
  3245 | D:3      | Noticed Natasha
  3256 | D:3      | Killed Natasha
  3338 | D:3      | Noticed Natasha
  3347 | D:3      | Killed Natasha
  4408 | D:2      | Found a runed door.
  4510 | D:2      | Noticed Crazy Yiuf
  4513 | D:2      | Killed Crazy Yiuf
  5278 | D:6      | Found a white marble altar of Elyvilon.
  5278 | D:6      | Found a blossoming altar of Fedhas.
  5278 | D:6      | Found an ornate altar of the Wu Jian Council.
  5278 | D:6      | Found a stormy altar of Qazlal.
  6073 | D:7      | Found an opulent altar of Gozag.
  6308 | D:7      | Found a staircase to the Ecumenical Temple.
  6322 | Temple   | Entered the Ecumenical Temple
  6434 | Temple   | Became a worshipper of Ashenzari the Shackled
  7093 | D:8      | Reached XP level 9. HP: 57/57 MP: 17/21
  7112 | D:8      | Noticed a two-headed ogre
  7124 | D:8      | Killed a two-headed ogre
  7134 | D:8      | Found a sand-covered staircase.
  7138 | Ossuary  | Entered an ossuary
  8280 | D:8      | Reached skill level 10 in Spellcasting
  8441 | D:8      | Reached skill level 10 in Earth Magic
  8441 | D:8      | Reached XP level 10. HP: 63/63 MP: 20/24
  8449 | D:8      | Learned a level 6 spell: Deflect Missiles
  8455 | D:8      | Learned a level 5 spell: Yara's Violent Unravelling
  8645 | D:8      | Reached * piety under Ashenzari
  8987 | D:9      | Found a radiant altar of Vehumet.
  9200 | D:9      | Found a staircase to the Lair.
  9655 | D:9      | Reached skill level 1 in Hexes
  9655 | D:9      | Reached skill level 1 in Charms
  9655 | D:9      | Reached skill level 1 in Air Magic
  9916 | D:9      | Noticed a two-headed ogre
  9921 | D:9      | Killed a two-headed ogre
 10031 | D:10     | Entered Level 10 of the Dungeon
 10043 | D:10     | Noticed a wizard
 10048 | D:10     | Killed a wizard
 10052 | D:10     | Noticed a wizard
 10053 | D:10     | Identified the Papyrus of Plaster Cramp
 10054 | D:10     | Noticed Harold
 10074 | D:9      | Reached XP level 11. HP: 27/68 MP: 22/25
 11316 | D:11     | Found a portal to a secret trove of treasure.
 11345 | D:11     | Noticed a red ugly thing
 11362 | D:11     | Killed a red ugly thing
 11363 | D:11     | Killed from afar by a manticore

Vault maps used:
D:1:      dpeg_arrival_three_same_balls, minmay_gold_behind_fungi
D:2:      first_ration, corexii_shack, minmay_quantized, uniq_jessica,
          uniq_crazy_yiuf_cottage
D:3:      uniq_terence, uniq_natasha
D:4:      uniq_menkaure
D:5:      minmay_diamond_boxcup, kennysheep_generic_room_8
D:6:      cheibrodos_thug_alley, chequers_temple_overflow_statue_of_worship
D:7:      grunt_gozag_breadcrumbs, minmay_temple_entry_statues_fountains,
          hex_medium, grunt_ministairs_2
D:8:      nicolae_ossuary_entry_plus, grunt_pizzeria, minmay_tree_intersection
D:9:      vehumet_crystals, minmay_lair_entry_grove
D:10:     bh_hangedman_babel_library, uniq_harold
D:11:     nicolae_trove_entry_free_sample, minmay_misc_feat_nine_boxes,
          dk_noncrumbling_3
Temple:   regret_index_temple_sphere_string
Ossuary:  ossuary_tomb_2

Skill      XL: |  1  2  3  4  5  6  7  8  9 10 11 |
---------------+----------------------------------+-----
Spellcasting   | 3 4 5 6 8 10 11 | 11.0
Earth Magic    | 3 4 5 6 8 10 11 | 11.0
Transmutations | 1 2 3 |  3.6
Short Blades   | 1 2 |  2.0
Stealth        | 2 |  2.0
Hexes          | 2 4 |  4.0
Charms         | 2 3 |  3.6
Air Magic      | 2 3 |  3.6
Dodging        | |  1.5

Action                   |  1- 3 |  4- 6 |  7- 9 | 10-12 || total
-------------------------+-------+-------+-------+-------++-------
Melee: Dagger            |    29 |    19 |   342 |    32 ||   422
 Fire: Fustibalus        |       |       |   193 |       ||   193
 Cast: Sandblast         |    17 |    46 |   152 |   162 ||   377
       Passwall          |     2 |       |     2 |       ||     4
       Lee's Rapid Decon |       |       |     7 |     5 ||    12
       Petrify           |       |       |     6 |     5 ||    11
Invok: Curse Item        |       |       |     2 |     3 ||     5
  Use: Scroll            |       |       |       |    13 ||    13
 Stab: Sleeping          |     3 |     1 |     3 |       ||     7
       Petrified         |       |       |    31 |    22 ||    53
       Distracted        |       |       |     1 |       ||     1
Armor: Robe              |     3 |    10 |    98 |     5 ||   116
       Ring mail         |       |       |       |    15 ||    15
Dodge: Dodged            |    25 |    23 |   293 |    56 ||   397

Table legend:
 A = Spawn XP
 B = Non-spawn XP
 C = Spawn XP percentage of total XP
 D = Spawn monster count
 E = Non-spawn monster count
 F = Spawn count percentage of total count
 G = Total turns spent on level
                    A         B        C        D         E        F      G
               +---------+---------+-------+---------+---------+-------+---------
         Total |       0 |   16398 |   0.0 |       0 |     276 |   0.0 | 11363
               +---------+---------+-------+---------+---------+-------+---------
           D:1 |       0 |      31 |   0.0 |       0 |      19 |   0.0 |  1154
           D:2 |       0 |     145 |   0.0 |       0 |      28 |   0.0 |  1155
           D:3 |       0 |     237 |   0.0 |       0 |      20 |   0.0 |  1130
           D:4 |       0 |     415 |   0.0 |       0 |      16 |   0.0 |   787
           D:5 |       0 |     400 |   0.0 |       0 |      16 |   0.0 |  1064
           D:6 |       0 |     891 |   0.0 |       0 |      27 |   0.0 |  1109
           D:7 |       0 |     560 |   0.0 |       0 |       8 |   0.0 |  1089
           D:8 |       0 |    2662 |   0.0 |       0 |      22 |   0.0 |  1257
           D:9 |       0 |    4831 |   0.0 |       0 |      55 |   0.0 |  1416
          D:10 |       0 |    2274 |   0.0 |       0 |      14 |   0.0 |   168
          D:11 |       0 |    3565 |   0.0 |       0 |      18 |   0.0 |    97
       Ossuary |       0 |     387 |   0.0 |       0 |      33 |   0.0 |   761
               +---------+---------+-------+---------+---------+-------+---------
